 Dungeon Crawl Stone Soup version 0.28-a0-10-g964c8b829e (webtiles) character file.

Game seed: 17088474992675139506

2979 Spaninq the Covert (level 9, -2/39 HPs)
             Began as a Spriggan Enchanter on July 26, 2021.
             Was a Believer of Dithmenos.
             Killed from afar by Harold (14 damage)
             ... with a harpoon shot
             ... on level 7 of the Dungeon.
             The game lasted 00:29:49 (9675 turns).

Spaninq the Covert (Spriggan Enchanter)             Turns: 9675, Time: 00:29:50

Health: -2/39      AC:  4    Str:  4    XL:     9   Next: 53%
Magic:  13/20      EV: 37    Int: 16    God:    Dithmenos [**....]
Gold:   263        SH:  0    Dex: 19    Spells: 15/21 levels left

rFire   . . .      SeeInvis +   a - +1 dagger
rCold   . . .      Faith    .   (shield restricted)
rNeg    + . .      Spirit   .   z - +2 robe {Will+}
rPois   .          Reflect  .   (helmet restricted)
rElec   .          Harm     .   (no cloak)
rCorr   .          Rampage  .   (gloves unavailable)
Will    +++..                   (boots unavailable)
Stlth   ++++++....              B - amulet of the acrobat
HPRegen 0.13/turn               u - ring of willpower
MPRegen 0.17/turn               o - ring of positive energy

@: acrobatic, wreathed by umbra, very quick
A: very small, no large weapons, unfitting armour, see invisible, speed 3
a: Renounce Religion, Shadow Step


You were on level 7 of the Dungeon.
You worshipped Dithmenos.
Dithmenos was pleased with you.
You visited 2 branches of the dungeon, and saw 8 of its levels.
You also visited: Sewer.

You collected 263 gold pieces.

Inventory:

Hand Weapons
 a - a +1 dagger (weapon)
 F - a +0 dagger of venom
Missiles
 E - a throwing net
Armour
 z - a +2 robe of willpower (worn)
 G - +0 swamp dragon scales
Jewellery
 e - a ring of flight
 o - a ring of positive energy (right hand)
 u - a ring of willpower (left hand)
 B - an amulet of the acrobat (around neck)
Wands
 l - a wand of paralysis (4)
 y - a wand of flame (9)
Scrolls
 b - a scroll of vulnerability {unknown}
 c - 6 scrolls of identify {unknown}
 d - 2 scrolls of torment {unknown}
 f - 3 scrolls of fog {unknown}
 i - a scroll of fear {unknown}
 p - 5 scrolls of teleportation {unknown}
 q - 2 scrolls of enchant weapon {unknown}
 t - 2 scrolls of brand weapon {unknown}
 v - a scroll of noise {unknown}
 A - a scroll of enchant armour {unknown}
Potions
 g - a potion of magic {unknown}
 h - 2 potions of lignification {unknown}
 j - a potion of might {unknown}
 k - 2 potions of cancellation {unknown}
 m - 3 potions of heal wounds {unknown}
 n - a potion of flight {unknown}
 r - 3 potions of haste {unknown}
 s - a potion of invisibility {unknown}
 w - a potion of attraction {unknown}
 x - a potion of curing {unknown}
 C - 2 potions of mutation {unknown}
 D - a potion of experience {unknown}


   Skills:
 + Level 6.7 Short Blades
 + Level 7.6 Dodging
 * Level 11.6 Stealth
 + Level 6.9 Spellcasting
 + Level 7.5 Hexes


You had 15 spell levels left.
You knew the following spells:

 Your Spells              Type           Power      Damage    Failure   Level
a - Corona                Hex            32%        N/A       1%          1
b - Ensorcelled Hibernat  Hex/Ice        34%        N/A       4%          2
c - Confusing Touch       Hex            29%        N/A       1%          3

Your spell library contained the following spells:

 Spells                   Type           Power      Damage    Failure   Level
 Tukima's Dance           Hex            29%        N/A       1%          3
 Dazzling Flash           Conj/Hex       34%        N/A       8%          3
 Animate Skeleton         Necr           10%        N/A       13%         1
 Freeze                   Ice            20%        1d4       13%         1
 Magic Dart               Conj           20%        1d4       13%         1
 Pain                     Necr           20%        1d5       13%         1
 Call Imp                 Summ           5%         N/A       19%         2
 Fulminant Prism          Conj/Hex       8%         3d7       26%         4
 Frozen Ramparts          Ice            10%        1d3       36%         3
 Ignite Poison            Fire/Tmut/Pois 5%         N/A       36%         3
 Mephitic Cloud           Conj/Pois/Air  5%         N/A       36%         3
 Vampiric Draining        Necr           2%         2d6       36%         3
 Hailstorm                Conj/Ice       5%         3d4       77%         4
 Ice Form                 Ice/Tmut       5%         N/A       77%         4
 Summon Ice Beast         Ice/Summ       5%         N/A       77%         4
 Bolt of Magma            Conj/Fire/Erth 2%         4d4       98%         5
 Freezing Cloud           Conj/Ice/Air   2%         6-21      98%         5
 Lehudib's Crystal Spear  Conj/Erth      2%         10d2      100%        8


Dungeon Overview and Level Annotations

Branches:
Dungeon (7/15)             Temple (1/1) D:4           Sewer (visited)

Altars:
Cheibriados
Dithmenos
Fedhas
Gozag
Kikubaaqudgha
Makhleb
Nemelex Xobeh
Qazlal
Ru
Trog
Uskayaw
Wu Jian
Xom
The Shining One

Annotations:
D:6 1 runed translucent door, robertstho's ghost, novice MiBe
D:7 Harold


Innate Abilities, Weirdness & Mutations

You are very small and have problems with some larger weapons.
You are too small for most types of armour.
You have supernaturally acute eyesight. (SInv)
You cover ground extremely quickly. (Speed+++)


Message History

Harold the Weathered comes into view.
He is wielding a +0 battleaxe.
Casting: Ensorcelled Hibernation (safe; 4% risk of failure)
Confirm with . or Enter, or press ? or * to list all spells.
Aiming: Ensorcelled Hibernation (safe; 4% risk of failure)
Press: ? - help, Shift-Dir - straight line, f - Harold
Aim: Harold, wielding a +0 battleaxe, wearing a +0 scale mail and quivering 2 throwing nets (chance to affect: 16%) Harold resists with almost no effort.
Harold throws a throwing net.
The throwing net hits you.
You become entangled in the net!
You struggle against the net.
You tear a large gash into the net.
Harold points at you and mumbles some strange words.
You resist with significant effort.
You rip the net and break free!
Casting: Ensorcelled Hibernation (safe; 4% risk of failure)
Confirm with . or Enter, or press ? or * to list all spells.
Aiming: Ensorcelled Hibernation (safe; 4% risk of failure)
Press: ? - help, Shift-Dir - straight line, f/p - Harold
Aim: Harold, wielding a +0 battleaxe, wearing a +0 scale mail and quivering a throwing net (umbra, chance to affect: 16%) Harold resists with almost no effort.
Harold casts a spell at you. You resist with significant effort.
Casting: Ensorcelled Hibernation (safe; 4% risk of failure)
Confirm with . or Enter, or press ? or * to list all spells.
Aiming: Ensorcelled Hibernation (safe; 4% risk of failure)
Press: ? - help, Shift-Dir - straight line, f/p - Harold
Aim: Harold, wielding a +0 battleaxe, wearing a +0 scale mail and quivering a throwing net (umbra, chance to affect: 16%) Harold resists with almost no effort.
Harold casts a spell at you. You resist with significant effort.
Casting: Ensorcelled Hibernation (safe; 4% risk of failure)
Confirm with . or Enter, or press ? or * to list all spells.
Aiming: Ensorcelled Hibernation (safe; 4% risk of failure)
Press: ? - help, Shift-Dir - straight line, f/p - Harold
Aim: Harold, wielding a +0 battleaxe, wearing a +0 scale mail and quivering a throwing net (umbra, chance to affect: 16%) Harold resists with almost no effort.
Harold hits you with a +0 battleaxe!!
Ouch! That really hurt!
* * * LOW HITPOINT WARNING * * *
Harold fires a harpoon shot at you. The harpoon shot hits you!
You die...

# #....# ..#
#.##....##..
#.#........
##.(.......
..........
.. .........
.# #....@#
.#########
#.....#
.........#
#....@#
.........#
#.....## #.#
.........#
#####..# #.#
.........#
##.###.#
.........#
#..##.#
.###...###
##.##.# .#
#...# #.##.#
.# #...#
#..#.# .#
#...#
#####.#.#


You could see Harold.

Vanquished Creatures
  Maggie (D:7)
  Grinder (D:5)
  Sigmund (D:2)
  A steam dragon (D:6)
  2 water moccasins
  An orc warrior (D:6)
  A black bear (D:6)
  An ice beast (D:7)
  3 sky beasts
  3 necrophages
  2 ogres
  A gnoll sergeant (D:6)
  A scorpion (D:5)
  A howler monkey (D:7)
  2 bullfrog zombies (D:6)
  4 hounds
  A centaur skeleton (D:6)
  2 orc priests
  3 iguanas
  Ijyb (D:3)
  3 orc wizards
  A killer bee zombie (D:7)
  15 gnolls
  8 adders
  A white imp (D:6)
  An ufetubus (D:5)
  3 worms
  A dart slug (D:2)
  9 orcs
  5 bats
  8 endoplasms
  9 giant cockroaches
  7 hobgoblins
  15 jackals
  5 ball pythons
  8 frilled lizards
  6 goblins
  12 kobolds
  9 rats
159 creatures vanquished.

Vanquished Creatures (others)
  A hound (D:4)
  An orc (D:6)
  A hobgoblin (D:4)
  A kobold (D:4)
  14 plants (Sewer)
  2 withered plants (D:6)
20 creatures vanquished.

Grand Total: 179 creatures vanquished

Notes
Turn   | Place    | Note
-------+----------+-------------------------------------------
     0 | D:1      | Spaninq the Spriggan Enchanter began the quest for the Orb.
     0 | D:1      | Reached XP level 1. HP: 9/9 MP: 5/5
   404 | D:1      | Reached XP level 2. HP: 12/13 MP: 6/6
   509 | D:1      | Found a faded altar of an unknown god.
   607 | D:1      | Learned a level 2 spell: Ensorcelled Hibernation
   862 | D:1      | Reached skill level 5 in Stealth
  1510 | D:1      | Found a faded altar of an unknown god.
  1773 | D:2      | Reached XP level 3. HP: 12/16 MP: 4/8
  2416 | D:2      | Reached XP level 4. HP: 21/21 MP: 1/9
  2601 | D:2      | Noticed Sigmund
  2610 | D:2      | Killed Sigmund
  2611 | D:2      | Reached skill level 7 in Stealth
  2611 | D:2      | Reached XP level 5. HP: 19/24 MP: 7/11
  2680 | D:3      | Found a glowing golden altar of the Shining One.
  2899 | D:3      | Learned a level 3 spell: Confusing Touch
  2995 | D:3      | Reached XP level 6. HP: 28/28 MP: 5/12
  3115 | D:3      | Noticed Ijyb
  3159 | D:3      | Paralysed by Ijyb for 5 turns
  3469 | D:3      | Killed Ijyb
  3915 | D:3      | Found a hide-covered altar of Uskayaw.
  4998 | D:4      | Found a sparkling altar of Nemelex Xobeh.
  5086 | D:4      | Reached skill level 5 in Hexes
  5136 | D:4      | Reached XP level 7. HP: 28/32 MP: 2/14
  5339 | D:4      | Found a shimmering altar of Xom.
  5705 | D:4      | Found a staircase to the Ecumenical Temple.
  5711 | Temple   | Entered the Ecumenical Temple
  5753 | Temple   | Became a worshipper of Dithmenos the Shadowed
  6003 | D:5      | Entered Level 5 of the Dungeon
  6011 | D:5      | Reached skill level 5 in Dodging
  6011 | D:5      | Reached skill level 8 in Stealth
  6251 | D:5      | Got the Handbook of Combat Magic
  6512 | D:5      | Reached skill level 5 in Spellcasting
  6613 | D:5      | Reached skill level 5 in Short Blades
  6852 | D:5      | Reached XP level 8. HP: 36/36 MP: 16/16
  6897 | D:5      | Noticed Grinder
  6910 | D:5      | Killed Grinder
  6911 | D:5      | Reached skill level 9 in Stealth
  7260 | D:6      | Found a runed translucent door.
  7265 | D:6      | Noticed robertstho's ghost (novice MiBe)
  7362 | D:6      | Reached skill level 10 in Stealth
  7624 | D:6      | Reached XP level 9. HP: 39/39 MP: 16/19
  7858 | D:6      | Reached * piety under Dithmenos
  7891 | D:6      | Found a glowing drain.
  7897 | Sewer    | Entered a sewer
  9265 | D:6      | Reached skill level 11 in Stealth
  9452 | D:7      | Noticed Maggie
  9457 | D:7      | Killed Maggie
  9468 | D:7      | Reached ** piety under Dithmenos
  9532 | D:7      | Found a stormy altar of Qazlal.
  9664 | D:7      | Noticed Harold
  9675 | D:7      | Killed from afar by Harold

Illustrated notes

Levels and vault maps discovered:
D:1:      dpeg_arrival_stonehenge_8_columns, layout_basic,
          shapermc_ecumenical_altar_notcrosses, hangedman_feature_mirror,
          minmay_misc_feat_five
D:2:      layout_rooms, uniq_sigmund
D:3:      layout_basic, mainiacjoe_overflow_catwalk,
          eat_drink_and_be_merry_uskayaw, uniq_ijyb
D:4:      layout_cave_pools, nemelex_diamond_rough_becter, xom_confusion_cloud,
          minmay_temple_entry_enclosed_plants, small_statue_intersection,
          dk_noncrumbling_2
D:5:      layout_loops_corners, uniq_grinder
D:6:      layout_rooms, gup_sewer_entry_bubbles, gammafunk_ghost_grave
D:7:      layout_basic, mainiacjoe_overflow_concentric_impassable, uniq_maggie,
          uniq_harold
Temple:   jpeg_temple_island

Skill      XL: |  1  2  3  4  5  6  7  8  9 |
---------------+----------------------------+-----
Dodging        | 3 4 5 6 7 |  7.6
Stealth        | 5 7 8 10 11 | 11.6
Spellcasting   | 3 4 5 6 |  6.9
Hexes          | 4 5 6 7 |  7.5
Short Blades   | 2 3 5 6 |  6.7

Action                   |  1- 3 |  4- 6 |  7- 9 || total
-------------------------+-------+-------+-------++-------
Melee: Dagger            |   106 |    36 |   180 ||   322
 Cast: Corona            |     1 |       |       ||     1
       Ensorcelled Hiber |    26 |    64 |    99 ||   189
       Confusing Touch   |       |       |     9 ||     9
 Stab: Sleeping          |    29 |    27 |    76 ||   132
       Distracted        |       |     2 |     2 ||     4
       Confused          |       |       |     8 ||     8
Armor: Robe              |     3 |     4 |    10 ||    17
Dodge: Dodged            |    81 |    68 |   135 ||   284

Table legend: (Time is in decaauts)
 A = Elapsed time spent in this place.
 B = Non-inter-level travel time spent in this place.
 C = Inter-level travel time spent in this place.
 D = Time resting spent in this place.
 E = Time spent auto-exploring this place.
 F = Levels seen in this place.
 G = Mean time per level.
                   A        B        C        D        E       F      G
               +--------+--------+--------+--------+--------+-----+--------+
         Total |   7795 |   7632 |    163 |   2817 |   2888 |   9 |  866.1 |
       Dungeon |   6779 |   6636 |    143 |   2750 |   2272 |   7 |  968.4 |
        Temple |     47 |     28 |     19 |      0 |     19 |   1 |   47.0 |
         Sewer |    969 |    969 |      0 |     67 |    596 |   1 |  969.0 |
               +--------+--------+--------+--------+--------+-----+--------+

Top non-repeatable levels by time:
     D:2: 1839 daAuts
     D:1: 1377 daAuts
     D:5: 1087 daAuts
     D:3: 1023 daAuts
   Sewer: 969 daAuts
     D:6: 661 daAuts
     D:4: 615 daAuts
     D:7: 175 daAuts
  Temple: 47 daAuts
